 Dungeon Crawl Stone Soup version 0.28.0 (webtiles) character file.

Game seed: 13350846415281055741

63 Nothus the Grave Robber (level 3, -1/21 HPs)
             Began as a Vampire Necromancer on Feb 20, 2022.
             Slain by Terence (4 damage)
             ... on level 2 of the Dungeon on Feb 26, 2022.
             The game lasted 00:14:17 (1416 turns).

Nothus the Grave Robber (Vampire Necromancer)       Turns: 1416, Time: 00:14:18

Health: -1/21      AC:  3    Str:  7    XL:     3   Next: 87%
Magic:  1/6        EV: 13    Int: 19    God:
Gold:   111        SH:  0    Dex: 14    Spells: 4/6 levels left

rFire   . . .      SeeInvis +   g - +0 spear
rCold   . . .      Faith    .   (no shield)
rNeg    . . .      Spirit   .   a - +0 robe
rPois   .          Reflect  .   (no helmet)
rElec   .          Harm     .   (no cloak)
rCorr   .          Rampage  .   (no gloves)
Will    .....                   f - +0 pair of boots
Stlth   +++.......              (no amulet)
HPRegen 0.27/turn               (no ring)
MPRegen 0.10/turn               (no ring)

@: healing quickly
A: alive, fangs 3, see invisible, vampiric 2, [frail 1]
a: Exsanguinate


You were on level 2 of the Dungeon.
You visited 1 branch of the dungeon, and saw 2 of its levels.

You collected 111 gold pieces.

Inventory:

Hand Weapons
 d - a +0 hand axe
 g - a +0 spear (weapon)
Missiles
 b - 7 poisoned darts (quivered)
Armour
 a - a +0 robe (worn)
 f - a +0 pair of boots (worn)
Magical Staves
 c - a staff of fire
Potions
 e - a potion of attraction {unknown}


   Skills:
 + Level 3.2 Dodging
 + Level 4.4 Stealth
 - Level 2.0 Spellcasting
 + Level 5.0 Necromancy


You had 4 spell levels left.
You knew the following spells:

 Your Spells              Type           Power      Damage    Failure   Level
a - Pain                  Necr           84%        1d8       2%          1
b - Animate Skeleton      Necr           42%        N/A       2%          1

Your spell library contained the following spells:

 Spells                   Type           Power      Damage    Failure   Level
 Vampiric Draining        Necr           21%        2d7       6%          3
 Animate Dead             Necr           10%        N/A       22%         4
 Agony                    Necr           21%        N/A       52%         5


Dungeon Overview and Level Annotations

Branches:
Dungeon (2/15)

Altars:

Annotations:
D:2 Terence


Innate Abilities, Weirdness & Mutations

Your natural rate of healing is accelerated.
You have razor-sharp teeth.
You have supernaturally acute eyesight. (SInv)
You are afflicted with vampirism and can become a bat while bloodless.
[You are frail. (-10% HP)]


Message History

Throw: 8 darts (poison)
Press: ? - help, Q - select action, (/) - cycle Shift-Dir - straight line, f/p - Terence
Aim: Terence, wielding a +0 short sword and wearing a +0 scale mail (lightly wounded, ally target, 61% to hit)
You throw a poisoned dart.
The poisoned dart barely misses Terence.
Terence hits you with a +0 short sword!
Your goblin skeleton closely misses Terence.
Unknown command.
Casting: Pain (safe; 2% risk of failure)
Confirm with . or Enter, or press ? or * to list all spells.
Aiming: Pain (safe; 2% risk of failure)
Press: ? - help, Shift-Dir - straight line, f/p - Terence
Aim: Terence, wielding a +0 short sword and wearing a +0 scale mail (lightly wounded, ally target, chance to affect: 85%) Terence writhes in agony.
Terence hits you with a +0 short sword.
Your goblin skeleton barely misses Terence.
Casting: Pain (safe; 2% risk of failure)
Confirm with . or Enter, or press ? or * to list all spells.
Aiming: Pain (safe; 2% risk of failure)
Press: ? - help, Shift-Dir - straight line, f/p - Terence
Aim: Terence, wielding a +0 short sword and wearing a +0 scale mail (moderately wounded, ally target, chance to affect: 85%) Terence writhes in agony!
Terence hits you with a +0 short sword.
* * * LOW HITPOINT WARNING * * *
Your goblin skeleton hits Terence with a +0 club.
Terence barely misses your goblin skeleton.
Your goblin skeleton hits Terence but does no damage.
Casting: Pain (safe; 2% risk of failure)
Confirm with . or Enter, or press ? or * to list all spells.
Aiming: Pain (safe; 2% risk of failure)
Press: ? - help, Shift-Dir - straight line, f/p - Terence
Aim: Terence, wielding a +0 short sword and wearing a +0 scale mail (severely wounded, ally target, chance to affect: 85%) Terence barely resists.
You see here a +0 club.
Terence barely misses you.
You begin bloodletting.
You continue bloodletting.
Terence hits you with a +0 short sword.
Keep bloodletting?
Uppercase [Y]es or [N]o only, please.
Keep bloodletting?
You stop emptying yourself of blood.
You die...

.# #.# ##..#.###.# #####. .# #.#
##.#.# #.# #..... ## #.#
#.#.###.# #.###. # #.# #.......#
#.# #. # #.# ##...##.###.###. #
#.#### ##.....#......... # #....#
##.......####.#.##
#########...####.........###..).#
.............<.'@@.......+...)...
#########...####.Z.......###....#
# #.........#.......## #.#.## #
#.###.###.##.....## #..... # #.#
#.# #.###...## ###### #.###.# #.#
##'## # #.#...# #.# #.# # #.#.###
#.# #.# # ###.#.#####.####.## #


You could see Terence (ally target) and a friendly goblin skeleton.

Vanquished Creatures
  2 gnolls (D:2)
  7 ball pythons
  An endoplasm (D:1)
  2 giant cockroaches (D:1)
  4 goblins
  2 bats (D:1)
  A kobold (D:2)
19 creatures vanquished.

Vanquished Creatures (collateral kills)
  2 gnolls (D:2)
  A giant cockroach (D:1)
3 creatures vanquished.

Grand Total: 22 creatures vanquished

Notes
Turn   | Place    | Note
-------+----------+-------------------------------------------
     0 | D:1      | Nothus the Vampire Necromancer began the quest for the Orb.
     0 | D:1      | Reached XP level 1. HP: 13/13 MP: 3/3
   285 | D:1      | Learned a level 1 spell: Animate Skeleton
   454 | D:1      | Reached XP level 2. HP: 16/19 MP: 1/5
   511 | D:1      | Found a faded altar of an unknown god.
   982 | D:2      | Noticed Terence
  1043 | D:2      | Gained mutation: You are afflicted with vampirism and can
                  | become a bat while bloodless. [Vampire growth]
  1043 | D:2      | Reached XP level 3. HP: 14/21 MP: 2/6
  1063 | D:2      | Reached skill level 5 in Necromancy
  1416 | D:2      | Slain by Terence

Illustrated notes

Levels and vault maps discovered:
D:1:      dpeg_arrival_snail, layout_basic, shapermc_ecumenical_altar_venn,
          serial_forest, infiniplex_forest_straight_5,
          infiniplex_forest_straight_4, infiniplex_forest_lined_room_2,
          infiniplex_forest_lined_room_2, infiniplex_forest_straight_5,
          infiniplex_forest_lined_room_2, infiniplex_forest_clump_tiny
D:2:      layout_loops_corners, chequers_serial_rivers_small_a, uniq_sigmund,
          uniq_terence

Skill      XL: |  1  2  3 |
---------------+----------+-----
Stealth        | 4 |  4.4
Dodging        | 3 |  3.2
Necromancy     | 5 |  5.0
Spellcasting   | |  2.0

Action                   || total
-------------------------++-------
Melee: Staff             ||    10
       Unarmed           ||     4
       Bite              ||     4
       Spear             ||    17
Throw: Dart              ||     3
 Cast: Pain              ||    32
       Animate Skeleton  ||     8
 Abil: Exsanguinate      ||     2
       Revivify          ||     1
 Stab: Sleeping          ||     1
Armor: Robe              ||    11
Dodge: Dodged            ||    28
